TOP OF THE 1ST |
Auburn Doubledays batting - Pitching for Milwaukee (NYP) Brewers : RHP Antonio Ballesteros
|
Pitching: RHP Antonio Ballesteros
|
|
Batting: RHB Naofumi Ishida
|
0-0: Called Strike 0-1: Swinging Strike 0-2: Strikes out swinging
|
Batting: RHB Leo Gutierrez
|
0-0: Ball 1-0: Swinging Strike 1-1: Ball 2-1: Swinging Strike 2-2: Ball 3-2: Base on Balls
|
Batting: RHB Antonio Laurel
|
0-0: Ball 1-0: Ball 2-0: Ball 3-0: Base on Balls Leo Gutierrez to second
|
Batting: RHB Deshawn Boseman
|
0-0: Ball 1-0: SINGLE (Groundball, 5S, EV 68.8 MPH) (infield hit) Leo Gutierrez to third Antonio Laurel to second
|
Batting: RHB Tylor Cyr
|
0-0: Fielders Choice at 2nd, 5-4 (Groundball, 5S, EV 85.0 MPH) Leo Gutierrez scores Antonio Laurel to third
|
Batting: RHB Antonio Vallez
|
0-0: Ball 1-0: Foul Ball, location: 2F 1-1: SINGLE (Line Drive, 4MD, EV 98.1 MPH) Antonio Laurel scores Tylor Cyr to second
|
Batting: RHB Tony Madrigal
|
0-0: Foul Ball, location: 2F 0-1: Ball 1-1: Foul Ball, location: 2F 1-2: Fielders Choice at 2nd, 5-4 (Groundball, 56, EV 82.5 MPH)
|
Top of the 1st over - 2 runs, 2 hits, 0 errors, 2 left on base; Auburn 2 - Milwaukee (NYP) 0 |
BOTTOM OF THE 1ST |
Milwaukee (NYP) Brewers batting - Pitching for Auburn Doubledays : RHP Josh Wellman
|
Pitching: RHP Josh Wellman
|
|
Batting: LHB Rick Campbell
|
0-0: Ball 1-0: Ball 2-0: Swinging Strike 2-1: SINGLE (Groundball, 6MS, EV 63.1 MPH) (infield hit)
|
Batting: LHB Tyler Francis
|
0-0: Called Strike 0-1: Called Strike Rick Campbell steals 2nd base 0-2: SINGLE (Line Drive, 9S, EV 95.6 MPH) Rick Campbell to third
|
Batting: SHB Orlando Torres
|
0-0: Ball 1-0: Foul Ball, location: 2F 1-1: Ball 2-1: Ball Tyler Francis is caught stealing 2nd base 2-6 3-1: Foul Ball, location: 2F 3-2: Strikes out swinging
|
Batting: SHB Aaron Neill
|
0-0: SINGLE (Flyball, 9, EV 97.5 MPH) Rick Campbell scores
|
Batting: RHB Chris Maul
|
0-0: Ball Aaron Neill steals 2nd base 1-0: Called Strike 1-1: Foul Ball, location: 2F 1-2: Fly out, F9 (Flyball, 89S, EV 89.4 MPH)
|
Bottom of the 1st over - 1 run, 3 hits, 0 errors, 1 left on base; Auburn 2 - Milwaukee (NYP) 1 |
TOP OF THE 2ND |
Auburn Doubledays batting - Pitching for Milwaukee (NYP) Brewers : RHP Antonio Ballesteros
|
Batting: LHB Adam Jacobs
|
0-0: Ball 1-0: SINGLE (Groundball, 34D, EV 98.8 MPH)
|
Batting: RHB Scott Skoglund
|
0-0: Foul Ball, location: 2F 0-1: Ball 1-1: SINGLE (Groundball, 34S, EV 81.9 MPH) (infield hit) Adam Jacobs to second
|
Batting: RHB Naofumi Ishida
|
0-0: Swinging Strike 0-1: Ball 1-1: Fielders Choice at 2nd, 5-4 (Groundball, 56, EV 101.2 MPH) Adam Jacobs to third
|
Batting: RHB Leo Gutierrez
|
0-0: Called Strike 0-1: Swinging Strike 0-2: Strikes out looking
|
Batting: RHB Antonio Laurel
|
0-0: Called Strike 0-1: Fly out, F9 (Line Drive, 9, EV 98.1 MPH)
|
Top of the 2nd over - 0 runs, 2 hits, 0 errors, 2 left on base; Auburn 2 - Milwaukee (NYP) 1 |
BOTTOM OF THE 2ND |
Milwaukee (NYP) Brewers batting - Pitching for Auburn Doubledays : RHP Josh Wellman
|
Batting: LHB Umar Matoub
|
0-0: Called Strike 0-1: Swinging Strike 0-2: Foul Ball, location: 2F 0-2: Ball 1-2: Strikes out looking
|
Batting: RHB Chris Riddel
|
0-0: Called Strike 0-1: Foul Ball, location: 2F 0-2: Ball 1-2: Strikes out swinging
|
Batting: RHB Victor Alarcon
|
0-0: Ball 1-0: Ball 2-0: Called Strike 2-1: Foul Ball, location: 2F 2-2: Strikes out swinging
|
Bottom of the 2nd over - 0 runs, 0 hits, 0 errors, 0 left on base; Auburn 2 - Milwaukee (NYP) 1 |
TOP OF THE 3RD |
Auburn Doubledays batting - Pitching for Milwaukee (NYP) Brewers : RHP Antonio Ballesteros
|
DELAY
|
Rain delay of 61 minutes in the 3rd inning.
|
Batting: RHB Deshawn Boseman
|
0-0: Foul Ball, location: 2F 0-1: Ball 1-1: Ball 2-1: Foul Ball, location: 2F 2-2: Ball 3-2: DOUBLE (Line Drive, 78M, EV 90.6 MPH)
|
Batting: RHB Tylor Cyr
|
0-0: Ball 1-0: Called Strike 1-1: Ball 2-1: Called Strike 2-2: Strikes out swinging
|
Batting: RHB Antonio Vallez
|
0-0: Ground out 3-1 (Groundball, 34, EV 104.4 MPH) Deshawn Boseman to third
|
Batting: RHB Tony Madrigal
|
0-0: Ball 1-0: Ball 2-0: SINGLE (Line Drive, 7S, EV 109.4 MPH) Deshawn Boseman scores
|
Batting: LHB Adam Jacobs
|
0-0: SINGLE (Groundball, 34D, EV 95.0 MPH) Tony Madrigal to second
|
Batting: RHB Scott Skoglund
|
0-0: Ball 1-0: Swinging Strike 1-1: Called Strike 1-2: Ball 2-2: Strikes out swinging
|
Top of the 3rd over - 1 run, 3 hits, 0 errors, 2 left on base; Auburn 3 - Milwaukee (NYP) 1 |
BOTTOM OF THE 3RD |
Milwaukee (NYP) Brewers batting - Pitching for Auburn Doubledays : RHP Josh Wellman
|
Batting: SHB Jerry Duffy
|
0-0: Called Strike 0-1: Foul Ball, location: 2F 0-2: Foul Ball, location: 2F 0-2: Ball 1-2: SINGLE (Groundball, 6S, EV 65.6 MPH) (infield hit)
|
Batting: LHB Rick Campbell
|
0-0: Ball 1-0: Called Strike 1-1: Called Strike 1-2: Ball 2-2: Strikes out looking
|
Batting: LHB Tyler Francis
|
0-0: Foul Ball, location: 2F 0-1: Ball 1-1: Fielders Choice at 2nd, 6-4 (Groundball, 6, EV 83.8 MPH)
|
Batting: SHB Orlando Torres
|
0-0: Swinging Strike 0-1: Ball 1-1: Foul Ball, location: 2F 1-2: Foul Ball, location: 2F 1-2: Fly out, F7 (Flyball, 78S, EV 86.9 MPH)
|
Bottom of the 3rd over - 0 runs, 1 hit, 0 errors, 1 left on base; Auburn 3 - Milwaukee (NYP) 1 |
TOP OF THE 4TH |
Auburn Doubledays batting - Pitching for Milwaukee (NYP) Brewers : RHP Antonio Ballesteros
|
Batting: RHB Naofumi Ishida
|
0-0: SOLO HOME RUN (Flyball, 89XD, EV 101.2 MPH), Distance : 404 ft
|
Batting: RHB Leo Gutierrez
|
0-0: Ball 1-0: Foul Ball, location: 2F 1-1: Ball 2-1: Fly out, F8 (Line Drive, 8RD, EV 101.2 MPH)
|
Batting: RHB Antonio Laurel
|
0-0: Ball 1-0: Foul Ball, location: 2F 1-1: Foul Ball, location: 2F 1-2: Ball 2-2: Foul Ball, location: 2F 2-2: Ball 3-2: Strikes out swinging
|
Batting: RHB Deshawn Boseman
|
0-0: Called Strike 0-1: Ground out U3 (Groundball, 3, EV 89.4 MPH)
|
Top of the 4th over - 1 run, 1 hit, 0 errors, 0 left on base; Auburn 4 - Milwaukee (NYP) 1 |
BOTTOM OF THE 4TH |
Milwaukee (NYP) Brewers batting - Pitching for Auburn Doubledays : RHP Josh Wellman
|
Batting: SHB Aaron Neill
|
0-0: Called Strike 0-1: Foul Ball, location: 2F 0-2: SOLO HOME RUN (Flyball, 89XD, EV 110.0 MPH), Distance : 411 ft
|
Batting: RHB Chris Maul
|
0-0: Ball 1-0: Swinging Strike 1-1: Swinging Strike 1-2: Ball 2-2: Foul Ball, location: 2F 2-2: Foul Ball, location: 2F 2-2: Strikes out swinging
|
Batting: LHB Umar Matoub
|
0-0: Called Strike 0-1: Ball 1-1: Foul Ball, location: 2F 1-2: Strikes out swinging
|
Batting: RHB Chris Riddel
|
0-0: SINGLE (Line Drive, 9LS, EV 91.9 MPH)
|
Batting: RHB Victor Alarcon
|
0-0: Ball 1-0: Ball 2-0: SINGLE (Groundball, 4M, EV 86.2 MPH) (infield hit) Chris Riddel to second
|
Batting: SHB Jerry Duffy
|
0-0: Ball 1-0: Called Strike 1-1: DOUBLE (Groundball, 3L, EV 103.1 MPH) Chris Riddel scores Victor Alarcon to third Runner from 3rd tries for Home, SAFE, no throw by RF
|
Batting: LHB Rick Campbell
|
0-0: Ball 1-0: Foul Ball, location: 2F 1-1: Called Strike 1-2: Foul Ball, location: 2F 1-2: Foul Ball, location: 2F 1-2: Foul Ball, location: 2F 1-2: Foul Ball, location: 2F 1-2: Foul Ball, location: 2F 1-2: Strikes out swinging
|
Bottom of the 4th over - 3 runs, 4 hits, 0 errors, 1 left on base; Auburn 4 - Milwaukee (NYP) 4 |
TOP OF THE 5TH |
Auburn Doubledays batting - Pitching for Milwaukee (NYP) Brewers : RHP Antonio Ballesteros
|
Batting: RHB Tylor Cyr
|
0-0: Ground out 5-3 (Groundball, 56S, EV 82.5 MPH)
|
Batting: RHB Antonio Vallez
|
0-0: Called Strike 0-1: Foul Ball, location: 2F 0-2: Ball 1-2: Strikes out swinging
|
Batting: RHB Tony Madrigal
|
0-0: Called Strike 0-1: Called Strike 0-2: Strikes out swinging
|
Top of the 5th over - 0 runs, 0 hits, 0 errors, 0 left on base; Auburn 4 - Milwaukee (NYP) 4 |
BOTTOM OF THE 5TH |
Milwaukee (NYP) Brewers batting - Pitching for Auburn Doubledays : RHP Josh Wellman
|
Pitching: RHP Chris Lawrence
|
|
Batting: LHB Tyler Francis
|
0-0: Called Strike 0-1: Foul Ball, location: 2F 0-2: Ball 1-2: Ball 2-2: Foul Ball, location: 2F 2-2: Ball 3-2: Foul Ball, location: 2F 3-2: Base on Balls
|
Batting: SHB Orlando Torres
|
0-0: Ball Tyler Francis steals 2nd base 1-0: Ground out 2-3 (Groundball, 2R, EV 65.0 MPH) Tyler Francis to third
|
Batting: SHB Aaron Neill
|
0-0: Called Strike 0-1: Swinging Strike Passed Ball! Tyler Francis scores 0-2: Fly out, F6 (Line Drive, 6, EV 69.4 MPH)
|
Batting: RHB Chris Maul
|
0-0: Ball 1-0: Fly out, F8 (Line Drive, 8LD, EV 100.6 MPH)
|
Bottom of the 5th over - 1 run, 0 hits, 0 errors, 0 left on base; Auburn 4 - Milwaukee (NYP) 5 |
TOP OF THE 6TH |
Auburn Doubledays batting - Pitching for Milwaukee (NYP) Brewers : RHP Antonio Ballesteros
|
Batting: LHB Adam Jacobs
|
0-0: Foul Ball, location: 2F 0-1: Ball 1-1: Foul Ball, location: 2F 1-2: Strikes out swinging
|
Pitching: LHP Nolan Hickey
|
|
Batting: RHB Scott Skoglund
|
0-0: Ball 1-0: Fly out, F6 (Popup, 6M, EV 58.8 MPH)
|
Batting: RHB Naofumi Ishida
|
0-0: Ground out 6-3 (Groundball, 6, EV 105.6 MPH)
|
Top of the 6th over - 0 runs, 0 hits, 0 errors, 0 left on base; Auburn 4 - Milwaukee (NYP) 5 |
BOTTOM OF THE 6TH |
Milwaukee (NYP) Brewers batting - Pitching for Auburn Doubledays : RHP Chris Lawrence
|
Batting: LHB Umar Matoub
|
0-0: Called Strike 0-1: Ball 1-1: Ball 2-1: Called Strike 2-2: Ball 3-2: Ground out U3 (Groundball, 34, EV 93.1 MPH)
|
Batting: RHB Chris Riddel
|
0-0: Ball 1-0: Ground out 6-3 (Groundball, 6, EV 80.6 MPH)
|
Batting: RHB Victor Alarcon
|
0-0: Called Strike 0-1: Called Strike 0-2: SOLO HOME RUN (Line Drive, 89XD, EV 105.6 MPH), Distance : 416 ft
|
Batting: SHB Jerry Duffy
|
0-0: Foul Ball, location: 2F 0-1: Fly out, F5 (Popup, 56, EV 82.5 MPH)
|
Bottom of the 6th over - 1 run, 1 hit, 0 errors, 0 left on base; Auburn 4 - Milwaukee (NYP) 6 |
TOP OF THE 7TH |
Auburn Doubledays batting - Pitching for Milwaukee (NYP) Brewers : LHP Nolan Hickey
|
Batting: RHB Leo Gutierrez
|
0-0: Ball 1-0: Ball 2-0: Foul Ball, location: 2F 2-1: Called Strike 2-2: Ball 3-2: Strikes out swinging
|
Batting: RHB Antonio Laurel
|
0-0: Called Strike 0-1: Swinging Strike 0-2: Ball 1-2: Ball 2-2: Fly out, F9 (Flyball, 89D, EV 100.6 MPH)
|
Batting: RHB Deshawn Boseman
|
0-0: Ball 1-0: Swinging Strike 1-1: Ground out 5-3 (Groundball, 25, EV 82.5 MPH)
|
Top of the 7th over - 0 runs, 0 hits, 0 errors, 0 left on base; Auburn 4 - Milwaukee (NYP) 6 |
BOTTOM OF THE 7TH |
Milwaukee (NYP) Brewers batting - Pitching for Auburn Doubledays : RHP Chris Lawrence
|
Batting: LHB Rick Campbell
|
0-0: Called Strike 0-1: Called Strike 0-2: Ball 1-2: Foul Ball, location: 2F 1-2: Strikes out looking
|
Pitching: LHP Kevin Besser
|
|
Batting: LHB Tyler Francis
|
0-0: Swinging Strike 0-1: Ball 1-1: Ball 2-1: Fly out, F8 (Flyball, 8LM, EV 83.8 MPH)
|
Pitching: LHP Gregg Huddleston
|
|
Batting: SHB Orlando Torres
|
0-0: Foul Ball, location: 2F 0-1: Ball 1-1: Ball 2-1: Ball 3-1: SINGLE (Line Drive, 6D, EV 98.1 MPH)
|
Batting: SHB Aaron Neill
|
0-0: Fly out, F5 (Line Drive, 5, EV 70.0 MPH)
|
Bottom of the 7th over - 0 runs, 1 hit, 0 errors, 1 left on base; Auburn 4 - Milwaukee (NYP) 6 |
TOP OF THE 8TH |
Auburn Doubledays batting - Pitching for Milwaukee (NYP) Brewers : LHP Nolan Hickey
|
Batting: RHB Tylor Cyr
|
0-0: Ball 1-0: Foul Ball, location: 2F 1-1: Ball 2-1: Foul Ball, location: 2F 2-2: Foul Ball, location: 2F 2-2: Ball 3-2: SINGLE (Groundball, 6D, EV 95.6 MPH)
|
Pitching: RHP David Hardy
|
|
Batting: RHB Antonio Vallez
|
0-0: Called Strike 0-1: Hit by Pitch Tylor Cyr to second
|
Pinch Hitting: LHB Erik Beezley
|
0-0: Ball 1-0: Fielders Choice at 2nd, 6-4 (Groundball, 6M, EV 86.9 MPH) Tylor Cyr to third
|
Batting: LHB Adam Jacobs
|
0-0: Called Strike 0-1: Swinging Strike 0-2: Ball 1-2: Strikes out looking
|
Pinch Hitting: SHB Gabe Fraunfelder
|
0-0: Ball 1-0: Called Strike 1-1: Ball 2-1: Ball 3-1: Called Strike 3-2: Ground out 4-3 (Groundball, 4, EV 86.2 MPH)
|
Top of the 8th over - 0 runs, 1 hit, 0 errors, 2 left on base; Auburn 4 - Milwaukee (NYP) 6 |
BOTTOM OF THE 8TH |
Milwaukee (NYP) Brewers batting - Pitching for Auburn Doubledays : LHP Gregg Huddleston
|
Now at 1B: Chris Pynn
|
|
Now in LF: Erik Beezley
|
|
Now in CF: Leo Gutierrez
|
|
Batting: RHB Chris Maul
|
0-0: Ball 1-0: Called Strike 1-1: Ball 2-1: Swinging Strike 2-2: Foul Ball, location: 2F 2-2: Ball 3-2: Foul Ball, location: 2F 3-2: Base on Balls
|
Batting: LHB Umar Matoub
|
0-0: Called Strike Chris Maul steals 2nd base 0-1: Ball 1-1: Ball 2-1: SINGLE (Line Drive, 4M, EV 105.6 MPH) Chris Maul to third
|
Batting: RHB Chris Riddel
|
0-0: Ball Wild Pitch! Chris Maul scores Umar Matoub to second 1-0: DOUBLE (Line Drive, 78XD, EV 106.2 MPH) Umar Matoub scores
|
Batting: RHB Victor Alarcon
|
0-0: Ball 1-0: Ball 2-0: Ball 3-0: SINGLE (Groundball, P, EV 88.1 MPH) (infield hit) Chris Riddel to third
|
Batting: SHB Jerry Duffy
|
0-0: Ball Victor Alarcon is caught stealing 2nd base 2-4 1-0: Foul Ball, location: 2F 1-1: Called Strike 1-2: SINGLE (Groundball, 6MD, EV 96.9 MPH) Chris Riddel scores
|
Pitching: LHP Mike Bigos
|
|
Batting: LHB Rick Campbell
|
0-0: Called Strike 0-1: Foul Ball, location: 2F 0-2: Strikes out swinging
|
Batting: LHB Tyler Francis
|
0-0: Called Strike 0-1: Ball 1-1: Reached on error, E3 (Groundball, 3L, EV 97.5 MPH) Jerry Duffy to second
|
Batting: SHB Orlando Torres
|
0-0: Fly out, F5 (Line Drive, 5L, EV 66.9 MPH)
|
Bottom of the 8th over - 3 runs, 4 hits, 1 error, 2 left on base; Auburn 4 - Milwaukee (NYP) 9 |
TOP OF THE 9TH |
Auburn Doubledays batting - Pitching for Milwaukee (NYP) Brewers : RHP David Hardy
|
Batting: RHB Naofumi Ishida
|
0-0: Ball 1-0: SINGLE (Groundball, 6D, EV 99.4 MPH)
|
Batting: RHB Leo Gutierrez
|
0-0: Ball 1-0: Swinging Strike 1-1: Ball 2-1: Foul Ball, location: 2F 2-2: Foul Ball, location: 2F 2-2: Foul Ball, location: 2F 2-2: DOUBLE (Groundball, 5L, EV 102.5 MPH) Naofumi Ishida to third
|
Pitching: LHP Mark Gregor
|
|
Batting: RHB Antonio Laurel
|
0-0: Ball 1-0: Swinging Strike 1-1: Ball 2-1: Ball 3-1: Foul Ball, location: 2F 3-2: Strikes out looking
|
Batting: RHB Deshawn Boseman
|
0-0: Ball 1-0: Ground out 4-3 (Groundball, 4S, EV 84.4 MPH) Naofumi Ishida scores Leo Gutierrez to third
|
Batting: RHB Tylor Cyr
|
0-0: Called Strike 0-1: Swinging Strike 0-2: Ball 1-2: Strikes out swinging
|
Top of the 9th over - 1 run, 2 hits, 0 errors, 1 left on base; Auburn 5 - Milwaukee (NYP) 9 |
|